[Event "ICC tourney 2790 (30 10)"]
[Site "Internet Chess Club"]
[Date "2022.01.08"]
[Round "1"]
[White "Hussaini, Faizan:chessgm13"]
[Black "JIANG, ANDREW:K05-16091063"]
[Result "0-1"]
[ICCResult "White resigns"]
[WhiteElo "1588"]
[BlackElo "1771"]
[Opening "Scotch game"]
[ECO "C45"]
[NIC "SO.05"]
[Time "13:01:19"]
[PlyCount "102"]
[TimeControl "1800+10"]

1. e4 e5 2. Nf3 Nc6 3. d4 exd4 4. Nxd4 Bc5 5. Be3 Qf6 6. c3 Nge7 7. Be2 d6
8. O-O O-O 9. b4 Bxd4 10. cxd4 Nxb4 11. Nc3 h6 12. a3 Nbc6 13. Nb5 Bd7 14.
Nxc7 Rac8 15. Nb5 a6 16. Nc3 Na5 17. Na4 Bb5 18. Bxb5 axb5 19. Nb6 Rc7 20.
Rb1 Nc4 21. Rxb5 Nxa3 22. Rb3 Nc2 23. Qd3 Nxe3 24. fxe3 Qg6 25. Qb1 Re8 26.
Nd5 Nxd5 27. exd5 Qg5 28. Rxb7 Qxe3+ 29. Kh1 Rxb7 30. Qxb7 Qf2 31. Qb1 Qxd4
32. Qf5 Qa7 33. h3 Qb7 34. Rd1 Re5 35. Qf3 Qb4 36. Rf1 f5 37. Rd1 Re1+ 38.
Kh2 Rxd1 39. Qxd1 Qf4+ 40. Kh1 Qe4 41. Qb3 f4 42. Kg1 Qe3+ 43. Qxe3 fxe3 44.
Kf1 Kf7 45. Ke2 Kf6 46. Kxe3 Ke5 47. h4 Kxd5 48. g4 Ke5 49. Kf3 d5 50. Ke3
d4+ 51. Kf3 g5 {White resigns} 0-1

[Event "ICC tourney 2790 (30 10)"]
[Site "Internet Chess Club"]
[Date "2022.01.08"]
[Round "1"]
[White "LIU, ETHAN:soggydollar"]
[Black "MARKOVIC, GORAN:Goran21"]
[Result "1-0"]
[ICCResult "Black resigns"]
[WhiteElo "1724"]
[BlackElo "1931"]
[Opening "French: Tarrasch, open variation, main line"]
[ECO "C09"]
[NIC "FR.22"]
[Time "13:01:18"]
[PlyCount "109"]
[TimeControl "1800+10"]

1. e4 e6 2. d4 d5 3. Nd2 c5 4. exd5 exd5 5. Ngf3 Nc6 6. Bb5 Bd6 7. dxc5 Bxc5
8. O-O Nf6 9. Nb3 Bb6 10. Re1+ Ne4 11. Be3 O-O 12. Nfd4 Qf6 13. c3 Ne5 14.
f3 Nd6 15. Bd3 Ndc4 16. Re2 Nxe3 17. Rxe3 Nc4 18. Re2 Bd7 19. Qc2 g6 20. a4
a5 21. Kh1 Rae8 22. Bxc4 dxc4 23. Nd2 Rxe2 24. Nxe2 Rc8 25. Ne4 Qe7 26. Rd1
Bf5 27. N2g3 Bxe4 28. Qxe4 Qc7 29. Ne2 Ba7 30. Nf4 Bb8 31. g3 Qb6 32. Nd5
Qb3 33. Qd4 Be5 34. Qd2 Re8 35. Re1 Qxa4 36. Qe3 Re6 37. Qg5 f6 38. Nxf6+
Bxf6 39. Qd5 Kg7 40. Qxe6 Qb5 41. Re2 a4 42. Rd2 a3 43. Rd7+ Kh6 44. Qh3+
Qh5 45. Qxh5+ gxh5 46. bxa3 Bxc3 47. Rxb7 Bd2 48. Rc7 c3 49. Kg2 Kg6 50. Kf2
Kf6 51. Ke2 h6 52. Kd3 Ke6 53. Rxc3 Be1 54. Rc6+ Kd5 55. Rxh6 {Black
resigns} 1-0

[Event "ICC tourney 2790 (30 10)"]
[Site "Internet Chess Club"]
[Date "2022.01.08"]
[Round "1"]
[White "AYYAPPAN, SANTHOSH:SanthoshA"]
[Black "WANG, ALEXANDER J:ickyquarter"]
[Result "0-1"]
[ICCResult "White resigns"]
[WhiteElo "1643"]
[BlackElo "1865"]
[Opening "QGD: Tarrasch defense, 4.cd ed"]
[ECO "D32"]
[NIC "TD.10"]
[Time "13:01:28"]
[PlyCount "70"]
[TimeControl "1800+10"]

1. d4 d5 2. c4 e6 3. Nc3 c5 4. cxd5 exd5 5. dxc5 d4 6. Ne4 Bf5 7. Ng3 Bg6 8.
a3 Bxc5 9. b4 Bb6 10. Nf3 a6 11. Bb2 Nc6 12. Qa4 Nf6 13. Rd1 O-O 14. e3 dxe3
15. Rxd8 exf2+ 16. Kd1 Raxd8+ 17. Nd2 Be3 18. Bc1 Nd4 19. Ne2 b5 20. Nxd4
bxa4 21. N4f3 Ne4 22. Ke2 Bxd2 23. Nxd2 Nxd2 24. Bxd2 Bh5+ 25. Ke3 Rfe8+ 26.
Kxf2 Rxd2+ 27. Kg3 Rd1 28. Kf2 Ree1 29. g3 Be2 30. Bxe2 Rxh1 31. Bxd1 Rxd1
32. Ke2 Ra1 33. Kf2 Rxa3 34. Kg2 Rb3 35. Kf2 a3 {White resigns} 0-1

[Event "ICC tourney 2790 (30 10)"]
[Site "Internet Chess Club"]
[Date "2022.01.08"]
[Round "1"]
[White "S.M, UMER:uncrackable"]
[Black "SKARIAH, ANUSHKA ELIZABETH:kskariah"]
[Result "1-0"]
[ICCResult "Black checkmated"]
[WhiteElo "1794"]
[BlackElo "1620"]
[Opening "Queen's pawn game"]
[ECO "D02"]
[NIC "QP.08"]
[Time "13:01:22"]
[PlyCount "85"]
[TimeControl "1800+10"]

1. d4 d5 2. Nf3 c6 3. Bf4 Nf6 4. e3 Bf5 5. c4 e6 6. Nc3 Bb4 7. Qb3 Qe7 8. c5
Ba5 9. Bd6 Qd7 10. Ne5 Qc8 11. Qa3 Bc7 12. Na4 Nbd7 13. Be2 Bxd6 14. cxd6
O-O 15. Rc1 Ne4 16. f3 Nef6 17. g4 Bg6 18. h4 h5 19. g5 Nxe5 20. gxf6 Nd7
21. fxg7 Kxg7 22. f4 Nf6 23. Rg1 Kh7 24. Nc5 b6 25. Nd3 Rg8 26. Ne5 Ne4 27.
Bd3 Qd8 28. Nf3 Nxd6 29. Ng5+ Kh6 30. Bxg6 fxg6 31. Qxd6 Qxd6 32. Nf7+ Kg7
33. Nxd6 Rgd8 34. Rxc6 Rd7 35. Nb5 a6 36. Nc7 Ra7 37. Nxe6+ Kf7 38. Ng5+ Kg7
39. Nf3 Kh7 40. Rgxg6 Rg7 41. Ng5+ Kh8 42. Rc8+ Rg8 43. Rcxg8#
{Black checkmated}
1-0

[Event "ICC tourney 2790 (30 10)"]
[Site "Internet Chess Club"]
[Date "2022.01.08"]
[Round "1"]
[White "WU, JAYDEN:SparkyNinja"]
[Black "OPASKA, MICHAEL:mopaska1106"]
[Result "0-1"]
[ICCResult "White resigns"]
[WhiteElo "1664"]
[BlackElo "1874"]
[Opening "Sicilian: Nimzovich-Rossolimo attack (without ...d6)"]
[ECO "B30"]
[NIC "SI.31"]
[Time "13:01:17"]
[PlyCount "60"]
[TimeControl "1800+10"]

1. e4 c5 2. Nf3 Nc6 3. Bb5 Nd4 4. Nxd4 cxd4 5. O-O e6 6. Be2 Ne7 7. d3 Nc6
8. Nd2 Be7 9. Nf3 O-O 10. b3 e5 11. Bb2 d5 12. c3 dxc3 13. Bxc3 d4 14. Bb2
Be6 15. Nd2 Rc8 16. a3 b5 17. f4 exf4 18. Rxf4 Bg5 19. Rf1 Be3+ 20. Kh1 Ne5
21. Nf3 Ng4 22. Nxd4 Nxh2 23. Nf5 Nxf1 24. Bg4 Ng3+ 25. Nxg3 Qh4+ 26. Bh3
Bxh3 27. Qh5 Qxg3 28. Qxh3 Qf2 29. Be5 Rc6 30. Bg3 Qb2 {White resigns} 0-1

[Event "ICC tourney 2790 (30 10)"]
[Site "Internet Chess Club"]
[Date "2022.01.08"]
[Round "1"]
[White "GEVORGYAN, DAVIT:Davo29"]
[Black "Gyorgy, Zalan:z88"]
[Result "0-1"]
[ICCResult "White forfeits on time"]
[WhiteElo "1761"]
[BlackElo "1586"]
[Opening "French: Tarrasch, closed variation"]
[ECO "C05"]
[NIC "FR.17"]
[Time "13:01:20"]
[PlyCount "54"]
[TimeControl "1800+10"]

1. e4 e6 2. d4 d5 3. Nd2 Nf6 4. Bd3 c5 5. e5 Nfd7 6. c3 Nc6 7. Ne2 Qb6 8.
Nf3 cxd4 9. cxd4 f6 10. exf6 Nxf6 11. O-O Bd6 12. Re1 O-O 13. Bf4 Qc7 14.
Qd2 Bd7 15. Bxd6 Qxd6 16. Nc3 a6 17. Ne5 Kh8 18. Qf4 Kg8 19. Qh4 Rae8 20.
Re3 Ne7 21. g4 g6 22. Rae1 Bc8 23. Rh3 Qb6 24. Qh6 Qxd4 25. g5 Nh5 26. Ree3
Nf5 27. Bxf5 exf5 {White forfeits on time} 0-1

[Event "ICC tourney 2790 (30 10)"]
[Site "Internet Chess Club"]
[Date "2022.01.08"]
[Round "1"]
[White "PU, LANDON:landonp"]
[Black "REVELLON, LUCAS:Lukastico"]
[Result "0-1"]
[ICCResult "White resigns"]
[WhiteElo "1632"]
[BlackElo "1808"]
[Opening "French: Tarrasch, closed variation"]
[ECO "C05"]
[NIC "FR.16"]
[Time "13:01:19"]
[PlyCount "84"]
[TimeControl "1800+10"]

1. e4 e6 2. d4 d5 3. Nd2 Nf6 4. e5 Nfd7 5. Bd3 c5 6. c4 cxd4 7. Ngf3 Nc6 8.
cxd5 Ncxe5 9. Bb5 Bd6 10. dxe6 fxe6 11. Nxe5 Bxe5 12. Qh5+ Kf8 13. Bxd7 Bxd7
14. Qxe5 Qf6 15. Qxf6+ gxf6 16. Ne4 Ke7 17. Bd2 Bc6 18. f3 Rhg8 19. Rg1 Bxe4
20. fxe4 Rg4 21. Rc1 Rxe4+ 22. Kf2 Kd7 23. Rge1 Rxe1 24. Bxe1 e5 25. Kf3 Rg8
26. g3 Rg7 27. Bb4 Ke6 28. Bc5 Rc7 29. b3 Kd5 30. Ba3 e4+ 31. Kf4 Rc6 32.
Rxc6 bxc6 33. g4 c5 34. Bxc5 Kxc5 35. Kxe4 a5 36. a3 a4 37. Kd3 axb3 38. a4
Kb4 39. a5 Kxa5 40. h4 Kb4 41. g5 fxg5 42. hxg5 Ka3 {White resigns} 0-1

[Event "ICC tourney 2790 (30 10)"]
[Site "Internet Chess Club"]
[Date "2022.01.08"]
[Round "1"]
[White "REISS, AIDEN:K09-16581243"]
[Black "VIDENA, DANIEL TUAPEN:Davide25"]
[Result "1/2-1/2"]
[ICCResult "Game drawn by mutual agreement"]
[WhiteElo "1817"]
[BlackElo "1633"]
[Opening "Caro-Kann: advance variation"]
[ECO "B12"]
[NIC "CK.04"]
[Time "13:01:17"]
[PlyCount "156"]
[TimeControl "1800+10"]

1. e4 c6 2. d4 d5 3. e5 Bf5 4. h4 h6 5. g4 Bd7 6. Bd3 e6 7. f4 Qb6 8. Nf3 h5
9. Ng5 hxg4 10. Qxg4 Nh6 11. Qh5 Qxd4 12. Nc3 Bb4 13. Bd2 Na6 14. Nf3 Qb6
15. a3 Bxc3 16. bxc3 Nc5 17. Nd4 Nxd3+ 18. cxd3 c5 19. Nf3 Bc6 20. d4 O-O-O
21. O-O g6 22. Qg5 cxd4 23. Rab1 Qc7 24. cxd4 Nf5 25. Bb4 Rh5 26. Qf6 Rdh8
27. Kf2 Qd8 28. Qxf7 Nxh4 29. Qxe6+ Qd7 30. Qxd7+ Kxd7 31. Nxh4 Rxh4 32. Rg1
Rxf4+ 33. Ke3 Re4+ 34. Kd3 Bb5+ 35. Kc2 Rh2+ 36. Kb3 Re3+ 37. Bc3 Rhh3 38.
Rbc1 Bc4+ 39. Kb2 Rh2+ 40. Rc2 Ree2 41. Rxe2 Rxe2+ 42. Ka1 Ra2+ 43. Kb1 Rxa3
44. Kc2 Ra2+ 45. Bb2 Ra6 46. Rh1 Re6 47. Ba3 a5 48. Rh7+ Kc6 49. Bd6 Ba6 50.
Rc7+ Kb6 51. Kb3 Bb5 52. Rc5 Ka6 53. Rxd5 Bc6 54. Rc5 Bd7 55. d5 Re8 56. Rc7
Bc8 57. Rg7 Bf5 58. Be7 b5 59. d6 a4+ 60. Kb4 Rc8 61. Rf7 Rc4+ 62. Ka3 b4+
63. Kb2 Rc2+ 64. Ka1 b3 65. Rxf5 gxf5 66. d7 Ra2+ 67. Kb1 Rd2 68. d8=Q Rxd8
69. Bxd8 Kb7 70. Bg5 Kc6 71. Kb2 Kd5 72. Bf4 Ke6 73. Kc3 Kd5 74. Kb2 Ke6 75.
Bg3 Kd5 76. Kc3 Ke6 77. Bh2 Kd5 78. Bf4 Ke6 {Game drawn by mutual agreement}
1/2-1/2

[Event "ICC tourney 2790 (30 10)"]
[Site "Internet Chess Club"]
[Date "2022.01.08"]
[Round "1"]
[White "WANG, JESSICA:crazyhorse9"]
[Black "Vishwa, Susheel:sushivishwa"]
[Result "0-1"]
[ICCResult "White resigns"]
[WhiteElo "1575"]
[BlackElo "1746"]
[Opening "Giuoco Piano"]
[ECO "C54"]
[NIC "IG.02"]
[Time "13:01:21"]
[PlyCount "106"]
[TimeControl "1800+10"]

1. e4 e5 2. Nf3 Nc6 3. Bc4 Bc5 4. c3 Nf6 5. d4 exd4 6. e5 d5 7. Bb5 Ne4 8.
cxd4 Bb6 9. Nc3 O-O 10. Be3 Bg4 11. Qc2 Ba5 12. Nd2 Nxd2 13. Qxd2 f6 14.
Bxc6 bxc6 15. O-O fxe5 16. dxe5 Qe7 17. h3 Bf5 18. Rfe1 Be4 19. Nxd5 Qxe5
20. Qxa5 Qxd5 21. Qxd5+ cxd5 22. Rac1 Rf7 23. Bd4 Rd7 24. Rc6 Rb8 25. Rec1
Rb7 26. Ra6 Rb4 27. Be5 c5 28. Rxc5 d4 29. Rc1 Rxb2 30. Rd1 Rb1 31. Rxb1
Bxb1 32. Rd6 Rxd6 33. Bxd6 Bxa2 34. Bf4 Bc4 35. Bd2 Kf7 36. g3 Ke6 37. Kg2
Be2 38. f3 Kd5 39. Kf2 Bd1 40. h4 Kc4 41. f4 Bg4 42. Ba5 Kd3 43. Bb4 Kc2 44.
Ba5 g6 45. Bb4 a6 46. Ba5 Kd3 47. Bb4 Kc4 48. Bd2 Kb5 49. Be1 a5 50. Bd2 a4
51. Bc1 Kb4 52. Ke1 Kc3 53. Bd2+ Kb3 {White resigns} 0-1

[Event "ICC tourney 2790 (30 10)"]
[Site "Internet Chess Club"]
[Date "2022.01.08"]
[Round "1"]
[White "BOMMIREDDY, SREEKAR:SBomm18"]
[Black "BAYYARAPU, MOHIT SREEJAN:mohitbayyarapu"]
[Result "1-0"]
[ICCResult "Black resigns"]
[WhiteElo "1911"]
[BlackElo "1677"]
[Opening "English: Sicilian reversed"]
[ECO "A25"]
[NIC "EO.23"]
[Time "13:01:23"]
[PlyCount "125"]
[TimeControl "1800+10"]

1. c4 e5 2. Nc3 Nc6 3. e3 d6 4. d4 exd4 5. exd4 Nf6 6. Be2 Be7 7. Nf3 d5 8.
c5 O-O 9. O-O Bf5 10. h3 a6 11. Qa4 h6 12. Bf4 Rc8 13. Rfe1 Nh7 14. Rad1 Ng5
15. Bg3 Ne6 16. Qb3 Bf6 17. Nxd5 Ncxd4 18. Nxf6+ Qxf6 19. Qc4 Nxf3+ 20. Bxf3
Qxb2 21. Be5 Qc2 22. Qxc2 Bxc2 23. Rc1 Bd3 24. Bxb7 Rb8 25. c6 Rfe8 26. Red1
Be4 27. Rd7 Nf8 28. Bxc7 Rxb7 29. Rd8 Rxc7 30. Rxe8 Rxc6 31. Rd1 Re6 32. Rb8
Bf5 33. Rdd8 Kh7 34. Rxf8 Kg6 35. Rb2 Bd3 36. Rfb8 Bb5 37. Kh2 Re1 38. Kg3
Rc1 39. Rb4 Rc3+ 40. Kh2 Ra3 41. Rb6+ f6 42. Rg4+ Kf5 43. Rxg7 Rxa2 44. Rf7
Bd3 45. Rbxf6+ Ke5 46. Rxh6 a5 47. Re7+ Kf5 48. Kg3 a4 49. Ra7 Ra1 50. Rh4
Bc2 51. Rc4 Bb3 52. Rb4 Ra2 53. Ra5+ Ke6 54. Rb6+ Kd7 55. Ra7+ Kc8 56. Rf6
Kb8 57. Rg7 Rc2 58. Rf8+ Rc8 59. Rf6 Rc3+ 60. f3 a3 61. Rb6+ Kc8 62. Ra6 Kb8
63. Rxa3 {Black resigns} 1-0

[Event "ICC tourney 2790 (30 10)"]
[Site "Internet Chess Club"]
[Date "2022.01.08"]
[Round "2"]
[White "Vikas, Hema:madscience08"]
[Black "REISS, AIDEN:K09-16581243"]
[Result "0-1"]
[ICCResult "White resigns"]
[WhiteElo "1407"]
[BlackElo "1817"]
[Opening "Sicilian"]
[ECO "B50"]
[NIC "SI.01"]
[Time "15:00:12"]
[PlyCount "58"]
[TimeControl "1800+10"]

1. e4 c5 2. Nf3 d6 3. g3 Nc6 4. Bg2 g6 5. O-O Bg7 6. c3 Nf6 7. Re1 e5 8. d4
cxd4 9. cxd4 Bg4 10. d5 Nd4 11. Nbd2 Rc8 12. Rf1 Qd7 13. h3 Bxh3 14. Nxd4
Bxg2 15. Kxg2 exd4 16. Nb3 O-O 17. Qd3 Rfe8 18. f3 Qa4 19. Rh1 Nd7 20. Bh6
Nc5 21. Nxc5 Rxc5 22. Bxg7 Qc2+ 23. Qxc2 Rxc2+ 24. Kf1 Kxg7 25. b3 f5 26.
Rd1 fxe4 27. Rxd4 Rc1+ 28. Kg2 exf3+ 29. Kh2 Re2+ {White resigns} 0-1

[Event "ICC tourney 2790 (30 10)"]
[Site "Internet Chess Club"]
[Date "2022.01.08"]
[Round "2"]
[White "MARKOVIC, GORAN:Goran21"]
[Black "AYYAPPAN, SANTHOSH:SanthoshA"]
[Result "1-0"]
[ICCResult "Black checkmated"]
[WhiteElo "1931"]
[BlackElo "1643"]
[Opening "Ruy Lopez: exchange variation, 5.O-O"]
[ECO "C68"]
[NIC "RL.08"]
[Time "15:00:13"]
[PlyCount "159"]
[TimeControl "1800+10"]

1. e4 e5 2. Nf3 Nc6 3. Bb5 a6 4. Bxc6 dxc6 5. O-O Bd6 6. d4 exd4 7. Qxd4 f6
8. Rd1 Ne7 9. Bf4 c5 10. Qd2 Bg4 11. Bxd6 cxd6 12. Qxd6 Qxd6 13. Rxd6 Bxf3
14. gxf3 Nc6 15. c3 Ke7 16. Rd5 b6 17. Nd2 Rad8 18. Nc4 Rxd5 19. exd5 Ne5
20. Re1 Kd7 21. Nxe5+ fxe5 22. Rxe5 Kd6 23. Re6+ Kxd5 24. Rxb6 a5 25. Ra6
Rb8 26. b3 Rf8 27. Rxa5 Rxf3 28. b4 Rxc3 29. bxc5 Rxc5 30. Ra7 Ke6 31. Rxg7
Ra5 32. Rxh7 Rxa2 33. Kg2 Kf6 34. Rb7 Kg6 35. Kg3 Ra5 36. h4 Ra3+ 37. f3 Ra1
38. Rb6+ Kg7 39. h5 Rg1+ 40. Kf4 Rh1 41. h6+ Kf7 42. Kf5 Rh5+ 43. Kg4 Rh1
44. f4 Rg1+ 45. Kf5 Rh1 46. h7 Kg7 47. Rb7+ Kh8 48. Ke5 Re1+ 49. Kf5 Rh1 50.
Kf6 Rh6+ 51. Kg5 Rh1 52. Kf5 Rh5+ 53. Ke4 Rh1 54. Rb8+ Kxh7 55. Kf5 Kg7 56.
Rb7+ Kf8 57. Kf6 Rh6+ 58. Kg5 Rh1 59. f5 Rh2 60. Ra7 Rh1 61. Kf6 Rh6+ 62.
Ke5 Rh1 63. Ke6 Re1+ 64. Kf6 Re8 65. Rf7+ Kg8 66. Re7 Ra8 67. Kg6 Kf8 68.
Rh7 Kg8 69. f6 Ra6 70. Rg7+ Kf8 71. Rb7 Ra8 72. Rh7 Kg8 73. f7+ Kf8 74. Rh8+
Ke7 75. Rxa8 Ke6 76. f8=Q Kd7 77. Qf6 Kc7 78. Ra7+ Kb8 79. Re7 Kc8 80. Qf8#
{Black checkmated}
1-0

[Event "ICC tourney 2790 (30 10)"]
[Site "Internet Chess Club"]
[Date "2022.01.08"]
[Round "2"]
[White "JIANG, ANDREW:K05-16091063"]
[Black "Gyorgy, Zalan:z88"]
[Result "1-0"]
[ICCResult "Black resigns"]
[WhiteElo "1771"]
[BlackElo "1586"]
[Opening "French: advance, Paulsen attack"]
[ECO "C02"]
[NIC "FR.03"]
[Time "15:00:32"]
[PlyCount "135"]
[TimeControl "1800+10"]

1. e4 e6 2. d4 d5 3. e5 c5 4. c3 Nc6 5. Nf3 Qb6 6. a3 cxd4 7. cxd4 Nge7 8.
Bd3 Bd7 9. Bc2 Nf5 10. Bxf5 exf5 11. Nc3 Be6 12. b4 Be7 13. O-O O-O 14. Qd3
f6 15. Na4 Qc7 16. Bf4 g5 17. exf6 Qxf4 18. fxe7 Nxe7 19. Rfe1 Qd6 20. Nc5
Bc8 21. Nxg5 b6 22. Qh3 h6 23. Nge6 Rf6 24. Qh4 Rg6 25. Nf4 Rg4 26. Qh5 Kh8
27. Rxe7 Qxe7 28. Qxg4 bxc5 29. Ng6+ Kh7 30. Nxe7 fxg4 31. Nxc8 Rxc8 32.
dxc5 Kg6 33. Kf1 Kf5 34. Rd1 Ke4 35. Ke2 d4 36. f3+ gxf3+ 37. gxf3+ Kd5 38.
Rc1 Re8+ 39. Kd2 Kc6 40. Re1 Rf8 41. Kd3 Kd5 42. Rf1 Rf4 43. a4 a6 44. Rf2
h5 45. a5 h4 46. h3 Rf6 47. f4 Rf5 48. Rf3 Rf7 49. f5 Re7 50. f6 Rf7 51.
Rf5+ Ke6 52. Rf4 Ke5 53. Rxd4 Rxf6 54. Rxh4 Rf3+ 55. Kc4 Rf1 56. Kd3 Kf5 57.
Rc4 Rf3+ 58. Ke2 Rxh3 59. c6 Rh8 60. c7 Rc8 61. Kd3 Ke5 62. Rc5+ Kd6 63. Kc4
Ke6 64. Rc6+ Kd7 65. Kc5 Ke7 66. Kb6 Ke8 67. Kb7 Kd7 68. Rd6+ {Black
resigns} 1-0

[Event "ICC tourney 2790 (30 10)"]
[Site "Internet Chess Club"]
[Date "2022.01.08"]
[Round "2"]
[White "SKARIAH, ANUSHKA ELIZABETH:kskariah"]
[Black "GEVORGYAN, DAVIT:Davo29"]
[Result "0-1"]
[ICCResult "White checkmated"]
[WhiteElo "1620"]
[BlackElo "1761"]
[Opening "Caro-Kann: exchange, Rubinstein variation"]
[ECO "B13"]
[NIC "CK.02"]
[Time "15:00:24"]
[PlyCount "116"]
[TimeControl "1800+10"]

1. e4 c6 2. d4 d5 3. exd5 cxd5 4. Bd3 Nc6 5. c3 Nf6 6. Bf4 g6 7. Nd2 Bf5 8.
Bxf5 gxf5 9. Ngf3 e6 10. Qb3 Qb6 11. Qxb6 axb6 12. Ne5 b5 13. Nxc6 bxc6 14.
Be5 Be7 15. f3 Rg8 16. O-O Nd7 17. Bg3 b4 18. Nb3 Nb6 19. Nc5 Bxc5 20. dxc5
Na4 21. cxb4 Nxb2 22. Rfb1 Na4 23. Rb3 Kd7 24. Be5 Ra7 25. a3 Rb7 26. Rc1
Rb5 27. f4 Ra8 28. h3 Rg8 29. Kh2 Ke7 30. Bd6+ Kd7 31. Be5 Ke7 32. Rg1 Nxc5
33. Rc3 Nd7 34. Bc7 c5 35. bxc5 Rxc5 36. Rxc5 Nxc5 37. Rc1 Ne4 38. a4 Kd7
39. Be5 f6 40. Bd4 Rc8 41. Rxc8 Kxc8 42. a5 Kb7 43. g4 Ka6 44. gxf5 exf5 45.
Bb6 Kb5 46. Bd8 Nc5 47. Bxf6 Kxa5 48. Kg2 Ne4 49. Be5 Kb4 50. Kf1 Kc4 51.
Ke2 d4 52. Bg7 d3+ 53. Ke1 d2+ 54. Kd1 Kd3 55. Bd4 Kxd4 56. Ke2 Kc3 57. Kd1
Kd3 58. h4 Nc3# {White checkmated} 0-1

[Event "ICC tourney 2790 (30 10)"]
[Site "Internet Chess Club"]
[Date "2022.01.08"]
[Round "2"]
[White "PU, LANDON:landonp"]
[Black "Walsh, Tim R:Telos53"]
[Result "1-0"]
[ICCResult "Black resigns"]
[WhiteElo "1632"]
[BlackElo "1868"]
[Opening "Caro-Kann: advance variation"]
[ECO "B12"]
[NIC "CK.02"]
[Time "15:00:34"]
[PlyCount "65"]
[TimeControl "1800+10"]

1. e4 c6 2. d4 d5 3. e5 c5 4. dxc5 e6 5. Nf3 Bxc5 6. Bb5+ Bd7 7. Nc3 Nc6 8.
O-O a6 9. Bd3 Nge7 10. Re1 Qc7 11. Bf4 b5 12. a3 Bb6 13. Bxb5 Qa7 14. Qd2
Nxe5 15. Bxe5 axb5 16. Bxg7 Rg8 17. Bd4 Nf5 18. Bxb6 Qxb6 19. Nxd5 Qd8 20.
Qc3 Rc8 21. Nf6+ Kf8 22. Qb4+ Kg7 23. Nxg8 Kxg8 24. c3 Rc4 25. Qb3 Bc6 26.
Rad1 Qf6 27. Ne5 Bd5 28. Nxc4 Bxc4 29. Qc2 Nh4 30. Qe4 Bd5 31. Rxd5 exd5 32.
Qe8+ Kg7 33. Qe5 {Black resigns} 1-0

[Event "ICC tourney 2790 (30 10)"]
[Site "Internet Chess Club"]
[Date "2022.01.08"]
[Round "2"]
[White "BAYYARAPU, MOHIT SREEJAN:mohitbayyarapu"]
[Black "WANG, JESSICA:crazyhorse9"]
[Result "0-1"]
[ICCResult "White resigns"]
[WhiteElo "1677"]
[BlackElo "1575"]
[Opening "Giuoco Piano"]
[ECO "C54"]
[NIC "IG.02"]
[Time "15:00:37"]
[PlyCount "68"]
[TimeControl "1800+10"]

1. e4 e5 2. Nf3 Nc6 3. Bc4 Bc5 4. c3 Nf6 5. d3 a6 6. Bb3 d6 7. O-O h6 8.
Nbd2 O-O 9. Re1 Ne7 10. Nf1 Ng6 11. Ng3 c6 12. h3 Re8 13. Qc2 Bd7 14. a3 Qc8
15. d4 Ba7 16. Be3 Qc7 17. Qd2 Be6 18. Ba2 Rad8 19. c4 d5 20. exd5 cxd5 21.
c5 Bb8 22. dxe5 d4 23. Bxd4 Nd5 24. Bxd5 Bxd5 25. Qe3 Bxf3 26. gxf3 Qd7 27.
Ne2 Nxe5 28. Qc3 Qxh3 29. Nf4 Nxf3+ 30. Qxf3 Qxf3 31. Ng2 Rxe1+ 32. Rxe1
Rxd4 33. Re8+ Kh7 34. Rxb8 Rg4 {White resigns} 0-1

[Event "ICC tourney 2790 (30 10)"]
[Site "Internet Chess Club"]
[Date "2022.01.08"]
[Round "2"]
[White "Vishwa, Susheel:sushivishwa"]
[Black "BOMMIREDDY, SREEKAR:SBomm18"]
[Result "1-0"]
[ICCResult "Black resigns"]
[WhiteElo "1746"]
[BlackElo "1911"]
[Opening "Sicilian: closed"]
[ECO "B23"]
[NIC "SI.44"]
[Time "15:00:29"]
[PlyCount "125"]
[TimeControl "1800+10"]

1. e4 c5 2. Nc3 e6 3. Nge2 Nc6 4. g3 d5 5. exd5 exd5 6. d4 Nf6 7. Bg2 cxd4
8. Nxd4 Bb4 9. O-O Bxc3 10. bxc3 O-O 11. Bg5 h6 12. Bxf6 Qxf6 13. Bxd5 Rd8
14. Qf3 Nxd4 15. cxd4 Qxf3 16. Bxf3 Rxd4 17. Rfd1 Rxd1+ 18. Rxd1 Be6 19.
Bxb7 Rb8 20. Bd5 Rb2 21. Be4 f5 22. Bd3 g6 23. Rc1 Rxa2 24. c4 Rd2 25. Bf1
Kf7 26. c5 Rd7 27. Ba6 Rc7 28. f4 Bd5 29. Kf2 Ke6 30. Ke3 Bc6 31. Kd4 Rd7+
32. Kc3 Rc7 33. Re1+ Kf6 34. Re5 Be4 35. Bb5 Re7 36. Kd4 Rc7 37. Re8 Kf7 38.
Rh8 Kg7 39. Rd8 Kf6 40. Rd6+ Kf7 41. Bc4+ Kg7 42. Ba6 h5 43. Bb5 Kf7 44.
Bc4+ Kg7 45. Bd5 Bxd5 46. Kxd5 Kf7 47. c6 a5 48. Rd8 Ke7 49. Ra8 h4 50. Rxa5
Rc8 51. Ra7+ Kf6 52. Rh7 hxg3 53. hxg3 Rd8+ 54. Kc5 Ke6 55. Kb6 Kd6 56. c7
Rg8 57. Kb7 g5 58. c8=Q Rxc8 59. Kxc8 gxf4 60. gxf4 Ke6 61. Rd7 Kf6 62. Rd6+
Kg7 63. Kc7 {Black resigns} 1-0

[Event "ICC tourney 2790 (30 10)"]
[Site "Internet Chess Club"]
[Date "2022.01.08"]
[Round "2"]
[White "REVELLON, LUCAS:Lukastico"]
[Black "LIU, ETHAN:soggydollar"]
[Result "1/2-1/2"]
[ICCResult "Game drawn by mutual agreement"]
[WhiteElo "1808"]
[BlackElo "1724"]
[Opening "Dutch: classical variation"]
[ECO "A96"]
[NIC "HD.01"]
[Time "15:00:15"]
[PlyCount "125"]
[TimeControl "1800+10"]

1. Nf3 f5 2. d4 e6 3. c4 Nf6 4. g3 Be7 5. Bg2 O-O 6. O-O d6 7. b4 a5 8. b5
c6 9. a4 Qc7 10. Qb3 c5 11. Nc3 Nbd7 12. e3 Nb6 13. Nd2 e5 14. d5 e4 15. Bb2
Ng4 16. Ne2 Bf6 17. Bxf6 Rxf6 18. f3 exf3 19. Bxf3 Ne5 20. Rf2 Bd7 21. Raf1
Raf8 22. Nf4 g5 23. Nd3 Be8 24. Nxe5 dxe5 25. Bg4 Bg6 26. Bh3 Nc8 27. Ne4
Nd6 28. Nxg5 Qe7 29. Qc3 b6 30. Bg2 Bf7 31. e4 Bg6 32. Ne6 R8f7 33. Qxe5 h6
34. Qc3 Kh7 35. e5 Rxe6 36. dxe6 Qxe6 37. exd6 Qxd6 38. Rd2 Qe7 39. Bd5 Rf6
40. Rdf2 Rf8 41. Re1 Qg5 42. Qe3 Re8 43. Be6 Qf6 44. Rfe2 Bf7 45. Qe5 Rxe6
46. Qxf6 Rxf6 47. Re7 Kg6 48. Kf2 Bxc4 49. Rb7 Bb3 50. Ra1 Rd6 51. Ra3 c4
52. Rc7 Rd2+ 53. Kf3 Kg5 54. h4+ Kf6 55. Rc6+ Ke5 56. Rxb6 Rd3+ 57. Kf2 c3
58. Rxb3 c2 59. Rc6 Rxb3 60. Rxc2 Rb4 61. Rc5+ Ke4 62. b6 Rxb6 63. Rxa5
{Game drawn by mutual agreement}
1/2-1/2

[Event "ICC tourney 2790 (30 10)"]
[Site "Internet Chess Club"]
[Date "2022.01.08"]
[Round "2"]
[White "WANG, ALEXANDER J:ickyquarter"]
[Black "Aimdilokwong, Alec Daniel:Alec-hine"]
[Result "1/2-1/2"]
[ICCResult "Game drawn because neither player has mating material"]
[WhiteElo "1865"]
[BlackElo "1731"]
[Opening "French: advance, Paulsen attack"]
[ECO "C02"]
[NIC "FR.03"]
[Time "15:00:18"]
[PlyCount "161"]
[TimeControl "1800+10"]

1. e4 e6 2. d4 d5 3. e5 c5 4. c3 Nc6 5. Nf3 Qb6 6. Be2 cxd4 7. cxd4 Nge7 8.
Na3 Nf5 9. Nc2 Bd7 10. O-O Rc8 11. a3 Na5 12. b4 Nc4 13. Ne3 Ncxe3 14. Bxe3
Be7 15. Bd3 Bb5 16. Re1 Bxd3 17. Qxd3 O-O 18. Rec1 h6 19. h3 a5 20. b5 a4
21. Bd2 Rfd8 22. g4 Nh4 23. Nxh4 Bxh4 24. Bb4 Rc4 25. Rxc4 dxc4 26. Qxc4
Rxd4 27. Bc5 Rxc4 28. Bxb6 Rc3 29. Bd4 Rxh3 30. Be3 h5 31. gxh5 Be7 32. b6
Rxh5 33. Rc1 Rxe5 34. Rc7 Bxa3 35. Rxb7 Rb5 36. Ra7 Kh7 37. Rxa4 Bc5 38.
Bxc5 Rxc5 39. Rb4 Rc8 40. Kf1 Kg6 41. Ke2 Kf5 42. f4 e5 43. fxe5 Kxe5 44.
Kd3 Kd5 45. Rd4+ Kc6 46. Rc4+ Kb7 47. Rf4 f6 48. Rg4 g5 49. Rd4 Kxb6 50. Ke4
Kc5 51. Rd1 Rc6 52. Kf5 Rd6 53. Rc1+ Kb5 54. Rc2 Rc6 55. Rb2+ Ka6 56. Rb1
Rb6 57. Re1 Kb5 58. Rb1+ Kc5 59. Rd1 Rc6 60. Rc1+ Kd6 61. Re1 Kd7 62. Re2
Rd6 63. Re1 Kc6 64. Rc1+ Kb5 65. Rc2 Rc6 66. Rb2+ Ka5 67. Rb1 Rb6 68. Ra1+
Kb5 69. Rc1 Ka4 70. Ra1+ Kb5 71. Rc1 Rd6 72. Rc2 Kb4 73. Rc1 Kb3 74. Rc8 Kb2
75. Rc7 Rd8 76. Kxf6 Rg8 77. Re7 Kc3 78. Re3+ Kd4 79. Rg3 Ke4 80. Rxg5 Rxg5
81. Kxg5 {Game drawn because neither player has mating material} 1/2-1/2